 Dungeon Crawl Stone Soup version 0.32-a0-953-g508020473e (webtiles) character file.

Game seed: 15150449274281624835

38 inmateoo the Shield-Bearer (level 3, -2/31 HPs)
             Began as a Mountain Dwarf Fighter on Apr 16, 2024.
             Slain by Terence
             ... wielding a +0 mace
              (6 damage)
             ... on level 2 of the Dungeon.
             The game lasted 00:00:50 (997 turns).

inmateoo the Shield-Bearer (Mountain Dwarf Fighter)  Turns: 997, Time: 00:00:51

Health: -2/31      AC:  6    Str: 18    XL:     3   Next: 25%
Magic:  3/3        EV:  7    Int:  8    God:
Gold:   93         SH:  8    Dex: 11    Spells: 2/2 levels left

rFire   . . .        a - +0 war axe
rCold   . . .        f - +0 kite shield
rNeg    + . .        b - +0 scale mail
rPois   .            (no helmet)
rElec   .            (no cloak)
rCorr   .            (no gloves)
SInv    .            (no boots)
Will    .....        (no amulet) Stlth
                     e - ring of positive energy
HPRegen 0.25/turn    (no ring)
MPRegen 0.08/turn

%: no passive effects
@: mighty
A: runic magic, artefact enchanting
a: no special abilities


You were on level 2 of the Dungeon.
You visited 1 branch of the dungeon, and saw 2 of its levels.

You collected 93 gold pieces.

Inventory:

Hand Weapons
 a - a +0 war axe (weapon)
Armour
 b - a +0 scale mail (worn)
 f - a +0 kite shield (worn)
Jewellery
 e - a ring of positive energy (left hand)
Scrolls
 c - a scroll of enchant armour {unknown}
 h - 2 scrolls of identify
 i - a scroll of teleportation {unknown}
 k - a scroll of revelation {unknown}
Potions
 g - a potion of enlightenment
 j - a potion of attraction {unknown}


   Skills:
 + Level 3.5 Fighting
 * Level 3.3 Axes
 + Level 3.5 Armour
 + Level 0.6 Dodging
 + Level 3.5 Shields


You had 2 spell levels left.
You didn't know any spells.
Your spell library was empty.

Dungeon Overview and Level Annotations

Branches:
Dungeon (2/15)

Altars:

Annotations:
D:2 Terence


Innate Abilities, Weirdness & Mutations

Your spellcasting is much less encumbered by armour.
You can use scrolls of enchantment on lesser artefacts.


Message History

Terence bares his teeth.
You slash the bat!
You kill the bat!
The bat hits you but does no damage.
Terence shouts, "DIE!!!"
You block the bat's attack.
You see here a bat corpse.
You hit the bat.
The bat is moderately wounded.
The bat barely misses you. The bat hits you but does no damage. x2
You miss the bat.
The bat is moderately wounded.
You block the bat's attack. The bat hits you but does no damage. x2
You miss the bat. The bat hits you but does no damage. x3
You barely miss the bat. You block the bat's attack. x2
You barely miss the bat. The bat barely misses you. You block the bat's attack.
You closely miss the bat. The bat hits you. You block the bat's attack.
You closely miss the bat. The bat hits you but does no damage.
You block the bat's attack.
You slash the bat!
You kill the bat!
You barely miss Terence. Terence hits you with a +0 mace. x2
You hit Terence but do no damage. Terence barely misses you.
You barely miss Terence. Terence hits you with a +0 mace.
You hit Terence.
Terence is lightly wounded.
Terence hits you with a +0 mace. x2
You slash Terence!
Terence is heavily wounded.
Terence hits you but does no damage. Terence hits you with a +0 mace.
* * * LOW HITPOINT WARNING * * *
You are too injured to fight recklessly!
You feel very mighty all of a sudden. Terence hits you with a +0 mace.
* * * LOW HITPOINT WARNING * * *
You hit Terence.
Terence is severely wounded.
Terence hits you with a +0 mace.
You die...
Terence says, "Time to find some more victims."

### ##.##
##.#.##
##.###.##
##.##
##.###########
#.##
##...........
##<##
##.###########
##@###)##
##@#.## ##g##
#r# #.#
#####g#
##.....#
###....#.#
#........#


You could see Terence, a goblin and a rat.

Vanquished Creatures
  3 dart slugs (D:1)
  4 ball pythons
  4 endoplasms
  2 giant cockroaches
  2 goblins (D:2)
  A hobgoblin (D:1)
  4 jackals (D:2)
  2 kobolds (D:1)
  4 bats
  2 frilled lizards (D:1)
28 creatures vanquished.

Notes
Turn   | Place    | Note
-------+----------+-------------------------------------------
     0 | D:1      | inmateoo the Mountain Dwarf Fighter began the quest for the
                  | Orb.
     0 | D:1      | Reached XP level 1. HP: 19/19 MP: 1/1
    28 | D:1      | Reached XP level 2. HP: 12/26 MP: 2/2
   670 | D:2      | Reached XP level 3. HP: 30/31 MP: 3/3
   873 | D:2      | Noticed Terence
   997 | D:2      | Slain by Terence

Illustrated notes

Levels and vault maps discovered:
D:1:      amcnicky_arrival_double_pillar, layout_rooms
D:2:      layout_loops_ring, minmay_misc_feat_plants, uniq_terence

Skill      XL: |  1  2 |
---------------+-------+-----
Axes           | 3 |  3.3
Fighting       | |  3.5
Armour         | |  3.5
Dodging        | |  0.6
Shields        | |  3.5

Action                     || total
---------------------------++-------
  Melee: War axe           ||    77
    Use: Scroll            ||     2
         Potion            ||     1
 Armour: Scale mail        ||    90
  Dodge: Dodged            ||    29
  Block: Kite shield       ||    39

Table legend: (Time is in decaauts)
 A = Elapsed time spent in this place.
 B = Non-inter-level travel time spent in this place.
 C = Inter-level travel time spent in this place.
 D = Time resting spent in this place.
 E = Time spent auto-exploring this place.
 F = Levels seen in this place.
 G = Mean time per level.
                   A        B        C        D        E       F      G
               +--------+--------+--------+--------+--------+-----+--------+
         Total |   1034 |   1030 |      4 |    141 |    659 |   2 |  517.0 |
       Dungeon |   1034 |   1030 |      4 |    141 |    659 |   2 |  517.0 |
               +--------+--------+--------+--------+--------+-----+--------+

Top non-repeatable levels by time:
     D:1: 683 daAuts
     D:2: 350 daAuts
